AoeStats
← Rafelso

Arabia

509967475Analyzed
1v1 RM · 5d ago on Sep 28, 2026· 31m 58s· 2 players
Game mode
Random Map
Map size
Tiny (2 player)
Population
200
Speed
Normal
Resources
Standard
Victory
Conquest
Starting age
Dark Age
Ending age
Imperial Age
RankedLock teamsTeams togetherTeam positionsShared explorationLock speedFull tech treeHidden civsTurbo modeCheats
Victory
Defeat
🇫🇷 Teutons · France
1740
+13
🇦🇷 Teutons · Argentina
1670
-13
VOY TEUTONES VOY
6:19 Loom
8:48 Feudal Age
8:54 Man-at-Arms
14:19 Double-Bit Axe
22:54 Castle Age
23:14 Scale Barding Armor
24:53 Bow Saw
24:25 Horse Collar
24:55 Gold Mining
25:53 Forging
29:38 Chain Barding Armor
30:29 Wheelbarrow
29:40 Pikeman
30:20 Squires
30:34 Heavy Plow
Rafelso
6:39 Loom
9:25 Feudal Age
9:28 Man-at-Arms
14:08 Double-Bit Axe
20:55 Horse Collar
22:05 Fletching
26:38 Castle Age
25:17 Bloodlines
25:42 Scale Barding Armor
27:48 Chain Barding Armor
Connection lost

Rejoining the realm…

Still unreachable

The connection could not be restored.

Session expired

The server has moved on; the page needs a fresh start.